 Dungeon Crawl Stone Soup version 0.24.0-13-gcf9b3192b9 (webtiles) character file.

Game seed: 4821315207133111372, levelgen mode: deterministic

6109 Inarius the Frost Mage (level 10, 0/37 HPs)
             Began as a Felid Ice Elementalist on Nov 7, 2019.
             Was a Plaything of Xom.
             Slain by a seven-headed hydra (5 damage)
             ... on level 11 of the Dungeon on Nov 8, 2019.
             The game lasted 00:43:41 (20396 turns).

Inarius the Frost Mage (Felid Ice Elementalist)    Turns: 20396, Time: 00:43:42

Health: 0/37       AC:  6    Str:  4    XL:     10   Next: 58%
Magic:  10/21      EV: 21    Int: 25    God:    Xom [*.....]
Gold:   694        SH:  0    Dex: 14    Spells: 4/23 levels left
                                        Lives:  0   Deaths: 3

rFire    + . .     SeeInvis +     - Unarmed
rCold    . . .     Gourm    .   (shield unavailable)
rNeg     . . .     Faith    +   (armour unavailable)
rPois    +         Spirit   .   (helmet unavailable)
rElec    .         Reflect  .   (cloak unavailable)
rCorr    .         Harm     .   (gloves unavailable)
MR       ++...                  (boots unavailable)
Stlth    +++++.....             k - amulet of faith
HPRegen  0.12/turn              C - ring of poison resistance
MPRegen  0.17/turn              a - ring "Caruxt" {Int+4 Slay+3}

@: quick
A: very small, no armour, no weapons or thrown items, stealth, claws 1, fangs 3,
horns 1, iridescent scales 1, slimy green scales 1, camouflage 1, see invisible,
blink, carnivore, clumsy 1, fire resistance 1, speed 1, frail 2, magic
resistance 1, shaggy fur 2, slow metabolism 1, sharp paws
a: Blink, Renounce Religion


You were on level 11 of the Dungeon.
You worshipped Xom.
You were a special plaything of Xom.
You were not hungry.

You visited 2 branches of the dungeon, and saw 13 of its levels.
You visited the Abyss 1 time.
You also visited: Bailey.

You collected 844 gold pieces.
You spent 150 gold pieces at shops.

Inventory:

Jewellery
 a - the ring "Caruxt" (right paw) {Int+4 Slay+3}
   (You found it on level 11 of the Dungeon)

   [ring of intelligence]

   It affects your intelligence (+4).
   It affects your accuracy and damage with ranged weapons and melee attacks
   (+3).
 i - an uncursed ring of wizardry
 k - an amulet of faith (around neck)
 p - an uncursed ring of wizardry
 v - an uncursed ring of ice
 B - a +3 ring of protection
 C - a ring of poison resistance (left paw)
Wands
 E - a wand of polymorph (8)
Scrolls
 c - a scroll of noise
 f - 5 scrolls of immolation
 m - 2 scrolls of fog {unknown}
 n - 3 scrolls of teleportation
 w - 3 scrolls of remove curse
 x - a scroll of magic mapping
 y - a scroll of fear {unknown}
 D - a scroll of vulnerability
 H - a scroll of holy word {unknown}
Potions
 d - a potion of heal wounds
 e - 5 potions of might
 g - a potion of ambrosia {unknown}
 h - 4 potions of flight
 j - a potion of berserk rage {unknown}
 l - 2 potions of brilliance {unknown}
 o - 2 potions of resistance
 q - a potion of magic {unknown}
 r - 7 potions of agility {unknown}
 s - a potion of invisibility {unknown}
 t - 4 potions of haste {unknown}
 u - a potion of mutation {unknown}
 z - 2 potions of cancellation {unknown}
 A - a potion of lignification {unknown}
 G - a potion of curing
Comestibles
 b - 17 rations


   Skills:
 * Level 7.0 Fighting
 + Level 6.4 Dodging
 + Level 7.1 Stealth
 + Level 5.8 Unarmed Combat
 + Level 7.0 Spellcasting
 + Level 4.0 Conjurations
 + Level 1.0 Charms
 + Level 4.0 Summonings
 * Level 9.4 Ice Magic
 + Level 2.0 Evocations


You had 4 spell levels left.
You knew the following spells:

 Your Spells              Type           Power        Failure   Level  Hunger
a - Freeze                Ice            ####         1%          1    None
b - Throw Frost           Conj/Ice       #####.       1%          2    None
c - Ozocubu's Armour      Chrm/Ice       #####...     2%          3    None
d - Summon Ice Beast      Ice/Summ       #####...     4%          4    ###....
e - Throw Icicle          Conj/Ice       #####...     4%          4    ###....
f - Blink                 Tloc           N/A          10%         2    None
g - Call Canine Familiar  Summ           ####....     3%          3    None

Your spell library contained the following spells:

 Spells                   Type           Power        Failure   Level  Hunger
 Magic Dart               Conj           ####         1%          1    None
 Summon Butterflies       Summ           ####....     1%          1    None
 Call Imp                 Summ           ####....     1%          2    None
 Ensorcelled Hibernation  Hex/Ice        ####..       1%          2    None
 Corona                   Hex            #......      7%          1    None
 Conjure Flame            Conj/Fire      ###.....     9%          3    None
 Dazzling Spray           Conj/Hex       ###...       9%          3    None
 Slow                     Hex            #.......     10%         2    None
 Mephitic Cloud           Conj/Pois/Air  ###.....     12%         3    None
 Confuse                  Hex            #.......     21%         3    None
 Tukima's Dance           Hex            #.......     21%         3    None
 Summon Mana Viper        Hex/Summ       ###.....     63%         5    #####..
 Summon Hydra             Summ           ####......   100%        7    #######


Dungeon Overview and Level Annotations

Branches:
Dungeon (12/15)            Temple (1/1) D:6            Lair (0/6) D:8
    Orc (0/2) D:10         Bailey (visited)

Altars:
Ashenzari
Cheibriados
Dithmenos
Elyvilon
Fedhas
Gozag
Hepliaklqana
Kikubaaqudgha
Makhleb
Nemelex Xobeh
Okawaru
Qazlal
Sif Muna
Trog
Uskayaw
Vehumet
Wu Jian
Xom
Yredelemnul
Zin
The Shining One

Shops:
D:7 }   D:10 *

Annotations:
D:10 2 runed translucent doors


Innate Abilities, Weirdness & Mutations

You cannot wear armour.
You are incapable of wielding weapons or throwing items.
Your paws allow you to move quietly. (Stealth)
You have sharp claws.
You have razor-sharp teeth.
You have supernaturally acute eyesight. (SInv)
You are carnivorous and can eat meat at any time.
You cover ground quickly.
You are covered in thick fur. (AC +2)
You have a slow metabolism.
Your sharp claws are effective at attacking unaware monsters.
You have a pair of small horns on your head.
You are partially covered in iridescent scales. (AC +2)
You are partially covered in slimy green scales. (AC +2)
Your skin changes colour to match your surroundings (Stealth+).
You can translocate small distances at will.
You are clumsy. (Dex -2)
Your flesh is heat resistant. (rF+)
You are very frail. (-20% HP)
You are resistant to hostile enchantments. (MR+)


Message History

Your ice beast dies!
The seven-headed hydra closely misses you.
The seven-headed hydra bites you!!
The seven-headed hydra completely misses you.
The seven-headed hydra barely misses you.
Unknown command.
You claw the seven-headed hydra!
The seven-headed hydra is almost dead.
Unknown command.
You barely miss the seven-headed hydra.
The seven-headed hydra is almost dead.
The seven-headed hydra bites you but does no damage.
The seven-headed hydra misses you.
The seven-headed hydra completely misses you.
The seven-headed hydra bites you!
* * * LOW HITPOINT WARNING * * *
A shower of butterflies erupts from you!
The seven-headed hydra misses you. The seven-headed hydra bites you.
You die... "It was about time."

............,,,,,,..#
............,,,,,,..#
.....##...########..#
.#.#..#...#......#..#
......#...#....>.#..#
.#.#..#...#......#..#
......#...####'#'#..#
.#.#..#...)....D.Yb.#
......#.......b.@...#
.#.#..+.....####....#
....,,#.....#,,#....#
...,,,'.....#,,#....#
###***#.....#,,####.#
,,,,,.......#,,,,,+.#
,,,,........#,,,,,*.#
,,,,........#,,,,,+,***
,,,,........#,,,,,*,,,*


You could see a seven-headed hydra and a friendly ice beast.

Vanquished Creatures
  2 two-headed ogres
  Nergalle (D:10)
  An ugly thing (D:12)
  2 centaur zombies (D:12)
  2 centaur skeletons
  A kobold demonologist (D:12)
  A hornet (shapeshifter) (D:9)
  A hippogriff (D:12)
  A human (D:8)
  2 yaks (D:9)
  2 water moccasins
  2 ice beasts
  A porcupine (D:8)
  2 black bears (D:8)
  4 orc warriors
  A sky beast (D:12)
  2 eyes of draining
  A necrophage (D:8)
  A phantom (D:5)
  An ogre (D:7)
  2 centaurs
  5 bullfrogs
  3 scorpions
  3 killer bees (D:7)
  2 howler monkeys (D:11)
  2 crimson imps
  3 quasits
  An orc priest (D:5)
  2 hounds
  10 orc wizards
  2 bullfrog skeletons
  An iguana (D:11)
  4 worker ants
  2 hound zombies (D:5)
  2 worker ant zombies (D:8)
  3 gnolls (D:3)
  A howler monkey skeleton (D:6)
  9 adders
  3 shadow imps
  An ooze (D:3)
  An adder zombie (D:6)
  3 worms
  2 dart slugs
  6 leopard geckos
  29 orcs
  2 bats
  5 giant cockroaches
  12 goblins
  8 hobgoblins
  7 jackals
  8 kobolds
  4 quokkas
  2 ball pythons (D:4)
  3 frilled lizards
  A leopard gecko skeleton (D:5)
  A quokka skeleton (D:7)
  A quokka zombie (D:5)
  10 rats
  A plant (D:5)
198 creatures vanquished.

Vanquished Creatures (collateral kills)
  Pikel (D:7)
  An ugly thing (D:11)
  2 manticores (D:11)
  2 trolls (D:9)
  A hippogriff (D:11)
  3 yaks
  A water moccasin (D:9)
  A slave (D:7)
  2 ice beasts (D:6)
  2 orc warriors
  2 phantoms
  A black bear (D:8)
  A hornet zombie (D:8)
  An ogre (D:9)
  An eye of draining (D:8)
  A crocodile (D:8)
  4 bullfrogs
  A scorpion (D:10)
  3 killer bees (D:9)
  A quasit (D:7)
  A bullfrog zombie (D:11)
  5 orc wizards
  An orc priest (D:6)
  A bullfrog skeleton (D:11)
  2 iguanas (D:7)
  2 worker ants
  A hound skeleton (D:6)
  An adder (D:10)
  An adder zombie (D:6)
  7 orcs
  A giant cockroach (D:6)
  3 goblins
  3 jackals (D:7)
61 creatures vanquished.

Vanquished Creatures (others)
  2 orc warriors (Bailey)
  4 fungi (D:8)
  4 plants (D:5)
10 creatures vanquished.

Grand Total: 269 creatures vanquished

Notes
Turn   | Place    | Note
-------+----------+-------------------------------------------
     0 | D:1      | Inarius the Felid Ice Elementalist began the quest for the
                  | Orb.
     0 | D:1      | Reached XP level 1. HP: 7/7 MP: 4/4
   181 | D:1      | Reached skill level 3 in Ice Magic
   181 | D:1      | Reached XP level 2. HP: 11/11 MP: 0/6
   243 | D:1      | Learned a level 2 spell: Throw Frost
  1546 | D:2      | Reached skill level 1 in Conjurations
  1607 | D:2      | Reached XP level 3. HP: 14/14 MP: 4/7
  1820 | D:2      | You fall into a shaft and drop 2 floors!
  2204 | D:2      | Learned a level 3 spell: Ozocubu's Armour
  2388 | D:2      | Reached XP level 4. HP: 18/18 MP: 0/8
  2889 | D:3      | Reached skill level 1 in Unarmed Combat
  3110 | D:3      | Reached skill level 4 in Ice Magic
  3463 | D:3      | Reached XP level 5. HP: 21/21 MP: 2/9
  3877 | D:3      | Found a shimmering blue altar of Sif Muna.
  4010 | D:4      | Noticed a phantom
  4054 | D:3      | Reached skill level 1 in Fighting
  4117 | D:4      | Found a burning altar of Makhleb.
  4812 | D:4      | Noticed a phantom
  5135 | D:4      | Noticed a phantom
  5191 | D:5      | Entered Level 5 of the Dungeon
  5526 | D:5      | Gained mutation: You are covered in thick fur. (AC +2)
                  | [Felid growth]
  5526 | D:5      | Reached XP level 6. HP: 11/25 MP: 4/11
  6392 | D:5      | Reached skill level 5 in Ice Magic
  6392 | D:5      | Reached XP level 7. HP: 19/30 MP: 4/12
  7963 | D:6      | Learned a level 4 spell: Summon Ice Beast
  7981 | D:6      | Found a snail-covered altar of Cheibriados.
  7983 | D:6      | Found a blossoming altar of Fedhas.
  9013 | D:6      | Reached XP level 8. HP: 34/34 MP: 2/15
  9494 | D:6      | Found a stormy altar of Qazlal.
  9516 | D:6      | Found a burning altar of Makhleb.
  9559 | D:6      | Killed from afar by an orc priest
  9560 | D:6      | Reached XP level 7. HP: 0/31 MP: 0/14
  9744 | D:6      | Found a staircase to the Ecumenical Temple.
 10440 | D:6      | Reached skill level 1 in Summonings
 10450 | Temple   | Entered the Ecumenical Temple
 10580 | Temple   | Became a worshipper of Xom of Chaos
 10647 | D:7      | Found Ruil Vil's Gadget Emporium.
 10705 | D:7      | Bought a wand of iceblast (11) for 150 gold pieces
 10785 | D:7      | Reached skill level 6 in Ice Magic
 10947 | D:7      | Reached skill level 5 in Stealth
 10980 | D:7      | XOM: potion effect (invisibility)
 10992 | D:7      | XOM: harmless Air miscast
 11020 | D:7      | Reached XP level 8. HP: 17/34 MP: 3/16
 11416 | D:7      | Learned a level 4 spell: Throw Icicle
 11445 | D:7      | XOM: cast spell 'Leda's Liquefaction'
 11450 | D:7      | Noticed Pikel
 11457 | D:7      | XOM: divination: detect items
 11463 | D:7      | XOM: divination: detect items
 11482 | D:7      | XOM: potion effect (haste)
 11484 | D:7      | XOM: summons 4 friendly demons
 11499 | D:7      | Killed Pikel
 11499 | D:7      | Reached skill level 1 in Charms
 11641 | D:7      | XOM: god gift: book of Maledictions
 11780 | D:8      | XOM: 1-stop teleportation journey
 11787 | D:8      | Reached skill level 5 in Spellcasting
 12094 | D:8      | XOM is BORED!
 12094 | D:8      | XOM: stat loss: -3 Str (1/4)
 12203 | D:8      | Found a glowing silver altar of Zin.
 12214 | D:8      | XOM: summons friendly ufetubus
 12244 | D:8      | XOM: repel stairs
 12245 | D:8      | XOM: fog
 12261 | D:8      | XOM: god gift: 2 scrolls labeled MIQOUKHOONT {god gift}
 12304 | D:7      | XOM: god gift: ration
 12342 | D:8      | XOM: confuse monster(s)
 12565 | D:8      | XOM: 8-stop teleportation journey
 12584 | D:8      | XOM: potion effect (invisibility)
 12588 | D:8      | Reached XP level 9. HP: 36/39 MP: 1/17
 12592 | D:8      | Reached skill level 7 in Ice Magic
 12636 | D:8      | XOM: scenery: create altars
 12667 | D:8      | Found a staircase to the Lair.
 13116 | D:8      | XOM: mild Tloc miscast
 13184 | D:8      | XOM: silly message
 13378 | D:8      | Reached skill level 5 in Fighting
 13626 | D:8      | XOM: harmless Summ miscast
 13872 | D:9      | Noticed a troll
 13883 | D:9      | Killed a troll
 14156 | D:9      | XOM is BORED!
 14156 | D:9      | XOM: mild Tloc miscast
 14239 | D:9      | XOM: mild Chrm miscast
 14395 | D:9      | XOM: confusion (+ monsters)
 14398 | D:9      | XOM: mild Fire miscast
 14398 | D:9      | Noticed a troll
 14399 | D:9      | XOM: fog
 14456 | D:9      | XOM: divination: detect items
 14464 | D:9      | Killed a troll
 14472 | D:9      | XOM: give mutation
 14472 | D:9      | Gained mutation: You are clumsy. (Dex -2) [Xom's mischief]
 14491 | D:9      | XOM: polymorph ice beast -> tengu
 14505 | D:9      | XOM: divination: detect items
 14609 | D:9      | XOM is BORED!
 14690 | D:9      | XOM: 4-stop teleportation journey
 14724 | D:9      | XOM: summons 2 friendly demons
 14731 | D:9      | XOM: polymorph yak -> shapeshifter
 14732 | D:9      | XOM: confusion (+ monsters)
 14752 | D:9      | Reached skill level 8 in Ice Magic
 14772 | D:9      | XOM: harmless Pois miscast
 15508 | D:9      | XOM: stat loss: -1 Str (3/4)
 15747 | D:9      | XOM: summons 2 hostile shadow creatures
 15748 | D:9      | Noticed a two-headed ogre
 16057 | D:10     | Entered Level 10 of the Dungeon
 16076 | D:10     | Reached XP level 10. HP: 44/44 MP: 10/19
 16320 | D:10     | XOM: summons 2 hostile shadow creatures
 16336 | D:10     | XOM: summons 3 hostile demons
 16836 | D:10     | Found a staircase to the Orcish Mines.
 16860 | D:10     | Reached skill level 5 in Dodging
 16868 | D:10     | Noticed Nergalle
 16917 | D:10     | XOM: confusion
 16918 | D:10     | Noticed a spectral orc warlord
 16919 | D:10     | Noticed a spectral orc warlord
 16926 | D:10     | Slain by a spectral orc warlord
 16927 | D:10     | Reached XP level 9. HP: -4/40 MP: 10/18
 16952 | D:10     | Killed Nergalle
 16952 | D:10     | Reached skill level 5 in Unarmed Combat
 16952 | D:10     | Reached skill level 1 in Evocations
 17051 | D:10     | XOM: medium Tloc miscast
 17174 | D:10     | XOM: give mutations
 17174 | D:10     | Gained mutation: You are very clumsy. (Dex -4) [Xom's
                  | mischief]
 17174 | D:10     | Gained mutation: You are frail. (-10% HP) [Xom's mischief]
 17174 | D:10     | Gained mutation: You are very frail. (-20% HP) [Xom's
                  | mischief]
 17174 | D:10     | Gained mutation: You have a pair of small horns on your
                  | head. [Xom's mischief]
 17182 | D:10     | XOM: mild Air miscast
 17396 | D:10     | XOM: give mutations
 17396 | D:10     | Gained mutation: You are dopey. (Int -2) [Xom's mischief]
 17396 | D:10     | Lost mutation: You are very frail. (-20% HP) [Xom's
                  | mischief]
 17403 | D:10     | Cast into level 2 of the Abyss (Xom)
 17514 | Abyss:2  | Noticed a white very ugly thing
 17517 | Abyss:2  | Noticed a spatial maelstrom
 17519 | Abyss:2  | XOM: give mutations
 17519 | Abyss:2  | Gained mutation: You are resistant to hostile enchantments.
                  | (MR+) [Xom's grace]
 17519 | Abyss:2  | Gained mutation: You are partially covered in iridescent
                  | scales. (AC +2) [Xom's grace]
 17519 | Abyss:2  | Lost mutation: You are dopey. (Int -2) [Xom's grace]
 17519 | Abyss:2  | Gained mutation: Your flesh is heat resistant. (rF+) [Xom's
                  | grace]
 17536 | Abyss:2  | Noticed a large abomination
 17543 | Abyss:2  | XOM: polymorph large abomination -> large abomination
 17545 | Abyss:2  | Noticed a smoke demon
 17546 | Abyss:2  | HP: 1/36 [smoke demon/divine providence (12)]
 17557 | Abyss:2  | XOM: summons 3 hostile demons
 17558 | Abyss:2  | Noticed a soul eater
 17561 | Abyss:2  | XOM: polymorph iron imp -> shadow imp
 17569 | Abyss:2  | Noticed a blizzard demon
 17574 | Abyss:2  | Noticed a white very ugly thing
 17574 | Abyss:2  | Noticed a white very ugly thing
 17575 | Abyss:2  | Noticed an apocalypse crab
 17575 | Abyss:2  | Noticed a white very ugly thing
 17582 | Abyss:2  | Noticed a vampire mage
 17588 | Abyss:2  | Noticed a large abomination
 17592 | Abyss:2  | Annihilated by a large abomination
 17593 | Abyss:2  | Reached XP level 8. HP: -26/34 MP: 18/18
 17601 | D:10     | Escaped the Abyss
 17614 | D:10     | Found a runed translucent door.
 17615 | D:10     | Found a runed translucent door.
 17625 | D:10     | Found Hixunkea's Lightly-Used Armoury.
 17752 | D:10     | You fall into a shaft and drop 2 floors!
 17770 | D:12     | Noticed a brown ugly thing
 17837 | D:12     | XOM: 2-stop teleportation journey
 17850 | D:12     | XOM: torment (18/34 hp)
 17905 | D:12     | XOM: give mutations
 17905 | D:12     | Gained mutation: You are very frail. (-20% HP) [Xom's
                  | mischief]
 17905 | D:12     | Gained mutation: You can translocate small distances at
                  | will. [Xom's mischief]
 17905 | D:12     | Lost mutation: You are very clumsy. (Dex -4) [Xom's
                  | mischief]
 18022 | D:12     | XOM: potion effect (invisibility)
 18036 | D:12     | Reached XP level 9. HP: 26/32 MP: 7/19
 18093 | D:12     | XOM: fog
 18385 | D:12     | XOM: divination: detect items
 18396 | D:12     | XOM: confuse monster(s)
 18398 | D:12     | XOM: summons 3 friendly demons
 18406 | D:12     | Noticed a two-headed ogre
 18407 | D:12     | XOM: fake destruction
 18411 | D:12     | XOM: potion effect (agility)
 18412 | D:12     | XOM: summons 2 friendly demons
 18421 | D:12     | Killed a two-headed ogre
 18436 | D:12     | XOM: give mutations
 18436 | D:12     | Gained mutation: You are partially covered in slimy green
                  | scales. (AC +2) [Xom's grace]
 18436 | D:12     | Gained mutation: Your skin changes colour to match your
                  | surroundings (Stealth+). [Xom's grace]
 18448 | D:12     | XOM: confuse monster(s)
 18451 | D:12     | Killed a brown ugly thing
 18451 | D:12     | Reached skill level 9 in Ice Magic
 18594 | D:12     | XOM: enchant monster (bad)
 18604 | D:12     | XOM: fog
 18671 | D:12     | XOM: harmless Fire miscast
 18728 | D:12     | Noticed a kobold demonologist
 18733 | D:12     | Killed a kobold demonologist
 18882 | D:12     | XOM: harmless Ice miscast
 19063 | D:12     | XOM: noise
 19066 | D:12     | Reached XP level 10. HP: 21/36 MP: 1/21
 19216 | D:12     | XOM: summons friendly ufetubus
 19351 | D:11     | Noticed a two-headed ogre
 19360 | D:11     | XOM: confusion (+ monsters)
 19366 | D:11     | XOM: swap monsters
 19369 | D:11     | Noticed a green ugly thing
 19372 | D:11     | XOM: blink monster(s)
 19373 | D:11     | Killed a two-headed ogre
 19517 | D:12     | XOM: 6-stop teleportation journey
 19581 | D:12     | XOM: god gift: mace {god gift}
 19603 | D:12     | Learned a level 2 spell: Blink
 19607 | D:12     | Learned a level 3 spell: Call Canine Familiar
 19617 | D:11     | XOM: confuse monster(s)
 19618 | D:11     | XOM: confuse monster(s)
 19619 | D:11     | XOM: enchant monster (good)
 19677 | D:11     | Found a bloodstained altar of Trog.
 19677 | D:11     | XOM: harmless Conj miscast
 19803 | D:11     | XOM: summons friendly quasit
 19817 | D:11     | Killed a green ugly thing
 19865 | D:11     | XOM: potion effect (agility)
 19974 | D:11     | Noticed a manticore
 19977 | D:11     | Found a flagged portal.
 19984 | Bailey   | Entered a bailey
 19984 | Bailey   | Noticed an orc knight
 20039 | Bailey   | Noticed an orc knight
 20039 | Bailey   | Noticed an orc knight
 20074 | D:11     | Killed a manticore
 20180 | D:11     | Got a flickering glass ring
 20182 | D:11     | Identified the ring "Caruxt" {Int+4 Slay+3} (You found it
                  | on level 11 of the Dungeon)
 20252 | D:11     | Noticed a seven-headed hydra
 20260 | D:11     | XOM: cast spell 'Chain of Chaos'
 20265 | D:11     | XOM: scenery: 1 doors close
 20268 | D:11     | XOM: 2-stop teleportation journey
 20268 | D:11     | Noticed a manticore
 20289 | D:11     | Killed a manticore
 20396 | D:11     | XOM: butterfly on damage
 20396 | D:11     | Slain by a seven-headed hydra

Levels and vault maps discovered:
D:1:      mainiacjoe_arrival_reflecting_pool, layout_loops_ring
D:2:      layout_loops_ring, hangedman_decor_push, kennysheep_big_empty_room,
          guppyfry_early_orc_mine
D:3:      layout_basic, lemuel_coloured_pillars_altar, first_ration
D:4:      wad_crossroads, layout_basic, nicolae_ru_path_of_blood,
          marbit_many_paths, hangedman_decor_riveting,
          chequers_serial_rivers_micro_e
D:5:      layout_loops_corners, portal_sewer_entry_d, serial_bayou_lagoon_a
D:6:      corexii_shack_village, layout_basic, grunt_temple_overflow_open,
          minmay_temple_entry_from_below_a, basic_altar,
          nicolae_qazlal_eye_of_the_storm
D:7:      layout_cave_pools, serial_shops, shop, uniq_pikel
D:8:      layout_layer_cave, nicolae_overflow_hidden_temple,
          due_lair_maze_entry_diamond, grunt_pizzeria
D:9:      layout_basic, kennysheep_opposing_triangles
D:10:     lemuel_insect_pit, layout_long_grid, david_orc_3, minmay_shop_damaged,
          chequers_serial_rivers_micro_e, uniq_nergalle
D:11:     layout_irregular_city, enter_bailey_3, basic_altar, serial_glass,
          glass_columns_c, glass_columns_a, uniq_psyche
D:12:     cheibrodos_tormentor_scu, layout_basic, hex_medium,
          grunt_dithmenos_smoke
Temple:   eino_temple_rhombus

Skill      XL: |  1  2  3  4  5  6  7  8  9 10 |
---------------+-------------------------------+-----
Stealth        | 3 4 5 6 7 |  7.1
Ice Magic      | 3 4 5 6 9 |  9.4
Conjurations   | 1 2 3 4 |  4.0
Unarmed Combat | 1 2 3 4 5 |  5.8
Fighting       | 1 2 6 5 7 |  7.0
Dodging        | 3 4 6 5 |  6.4
Spellcasting   | 3 4 5 6 7 |  7.0
Summonings     | 1 2 3 4 |  4.0
Charms         | 1 |  1.0
Evocations     | 1 2 |  2.0

Action                   |  1- 3 |  4- 6 |  7- 9 | 10-12 || total
-------------------------+-------+-------+-------+-------++-------
Melee: Unarmed           |    36 |   159 |   404 |    57 ||   656
       Bite              |       |    24 |    30 |     7 ||    61
       Punch             |       |       |     5 |     1 ||     6
       Headbutt          |       |       |    10 |     7 ||    17
 Cast: Freeze            |    19 |    31 |    13 |       ||    63
       Throw Frost       |    34 |    78 |     9 |       ||   121
       Ozocubu's Armour  |       |     1 |     7 |     1 ||     9
       Summon Ice Beast  |       |       |    89 |    17 ||   106
       Throw Icicle      |       |       |   100 |    38 ||   138
       Call Canine Famil |       |       |       |     2 ||     2
Evoke: Wand              |       |     2 |    29 |    15 ||    46
  Use: Potion            |     1 |     1 |     4 |     1 ||     7
       Scroll            |       |     5 |     7 |     2 ||    14
 Stab: Sleeping          |     2 |     6 |    15 |       ||    23
       Invisible         |       |       |     8 |       ||     8
       Distracted        |       |       |     3 |     1 ||     4
       Confused          |       |       |       |     2 ||     2
  Eat: Chunk             |    12 |    12 |    62 |    11 ||    97
Armor: Skin              |     2 |     4 |    59 |    16 ||    81
Dodge: Dodged            |    33 |    62 |   423 |   103 ||   621
